 Dungeon Crawl Stone Soup version 0.21.1-1-g345015fe64 (webtiles) character file.

492 Kejsarherre the Skirmisher (level 6, -1/85 HPs)
             Began as a Minotaur Berserker on May 6, 2018.
             Was a Believer of Trog.
             Slain by Duvessa
             ... wielding a +0 rapier
              (7 damage)
             ... on level 4 of the Dungeon.
             The game lasted 00:02:58 (1965 turns).

Kejsarherre the Skirmisher (Minotaur Berserker)     Turns: 1965, Time: 00:02:59

Health: -1/85      AC:  5    Str: 26    XL:     6   Next: 91%
Magic:  0/5        EV: 10    Int:  4    God:    Trog [**....]
Gold:   183        SH:  0    Dex: 12    Spells: 5/5 levels left

rFire    . . .     SeeInvis .   a - +0 hand axe
rCold    . . .     Gourm    .   (no shield)
rNeg     . . .     Faith    .   s - +0 chain mail
rPois    .         Spirit   +   (helmet restricted)
rElec    .         Reflect  .   (no cloak)
rCorr    .         Harm     .   (no gloves)
MR       ++...                  (no boots)
Stlth    ..........             t - amulet of guardian spirit
HPRegen  1.24/turn              (no ring)
MPRegen  0.09/turn              (no ring)

@: berserking (expiring), corroded, regenerating, very quick
A: retaliatory headbutt, horns 2
a: Berserk, Trog's Hand, Burn Spellbooks, Renounce Religion


You were on level 4 of the Dungeon.
You worshipped Trog.
Trog was pleased with you.
You were near starving.

You visited 1 branch of the dungeon, and saw 4 of its levels.

You collected 183 gold pieces.

Inventory:

Hand Weapons
 a - a +0 hand axe (weapon)
Armour
 s - a +0 chain mail (worn)
Jewellery
 t - an amulet of guardian spirit (around neck)
Scrolls
 b - 2 scrolls of enchant weapon {unknown}
 e - a scroll of identify {unknown}
 h - a scroll of random uselessness {unknown}
 i - a scroll of fog {unknown}
 k - 5 scrolls of remove curse {unknown}
 n - 3 scrolls of fear {unknown}
 p - a scroll of noise {unknown}
 r - 2 scrolls of teleportation {unknown}
Potions
 d - a potion of ambrosia {unknown}
 f - a potion of resistance {unknown}
 g - a potion of agility {unknown}
 j - a potion of flight {unknown}
 l - 2 potions of haste {unknown}
 m - a potion of magic {unknown}
 o - a potion of brilliance {unknown}
 q - a potion of might {unknown}
 u - a potion of curing {unknown}
 v - a potion of heal wounds {unknown}
Comestibles
 c - 7 rations
 w - 2 chunks of flesh


   Skills:
 * Level 5.6 Fighting
 * Level 5.6 Axes
 * Level 4.9 Armour
 * Level 4.5 Dodging


You had 5 spell levels left.
You didn't know any spells.

Dungeon Overview and Level Annotations

Branches:
Dungeon (4/15)
 Temple: D:4-7

Altars:
Wu Jian

Annotations:
D:4 Dowan, Duvessa, Ijyb


Innate Abilities, Weirdness & Mutations

You reflexively headbutt those who attack you in melee.
You have a pair of horns on your head.


Message History

The howler monkey is severely wounded.
You slash Ijyb! You hit Duvessa but do no damage.
Ijyb hits you but does no damage.
The howler monkey hoots and howls with incredible vigour!
Duvessa hits you with a rapier.
You slash the howler monkey!
You kill the howler monkey!
Trog accepts your kill.
You barely miss Duvessa. You closely miss Ijyb.
Ijyb zaps a wand.
The bolt of acid hits you!
* * * LOW HITPOINT WARNING * * *
The acid corrodes you!
You are splashed with acid!
The acid burns!
* * * LOW HITPOINT WARNING * * *
Unknown command.
Unknown command.
You are too berserk!
You barely miss Ijyb.
Ijyb is moderately wounded.
You barely miss Duvessa. Duvessa hits you with a rapier!
You die...

####### ..[..$.
.......
......g##########
......e@).......#
###
......e########.#
#). ....... #.#
#.# ....... #.#
#.. ###..##
######.######.#
#..[
................
#..
################
#.( ##


You could see Duvessa, Ijyb and Dowan.

Vanquished Creatures
  An ogre (D:4)
  2 howler monkeys (D:4)
  2 orc priests
  A worker ant (D:4)
  6 adders
  A worm (D:3)
  3 dart slugs
  A leopard gecko (D:2)
  6 orcs
  A ball python (D:1)
  5 bats
  3 giant cockroaches
  11 goblins
  8 hobgoblins
  6 jackals (D:1)
  8 kobolds
  2 quokkas
  4 frilled lizards
  6 rats
77 creatures vanquished.

Vanquished Creatures (others)
  Sigmund (D:4)
1 creature vanquished.

Grand Total: 78 creatures vanquished

Notes
Turn   | Place    | Note
-------+----------+-------------------------------------------
     0 | D:1      | Kejsarherre the Minotaur Berserker began the quest for the Orb.
     0 | D:1      | Reached XP level 1. HP: 19/19 MP: 0/0
    49 | D:1      | Reached XP level 2. HP: 14/27 MP: 1/1
   704 | D:2      | Reached XP level 3. HP: 33/33 MP: 2/2
   709 | D:2      | Reached XP level 4. HP: 41/41 MP: 3/3
   748 | D:2      | Reached ** piety under Trog
  1293 | D:3      | Reached XP level 5. HP: 26/47 MP: 4/4
  1360 | D:3      | Found an ornate altar of the Wu Jian Council.
  1774 | D:3      | Found a faded altar of an unknown god.
  1909 | D:4      | Reached skill level 5 in Fighting
  1909 | D:4      | Reached skill level 5 in Axes
  1935 | D:4      | Noticed Sigmund
  1942 | D:4      | Noticed Ijyb
  1944 | D:4      | Noticed Duvessa
  1945 | D:4      | Noticed an ogre
  1950 | D:4      | Noticed Dowan
  1958 | D:4      | Killed an ogre
  1958 | D:4      | Reached XP level 6. HP: 31/56 MP: 2/5
  1961 | D:4      | Killed Sigmund
  1965 | D:4      | Slain by Duvessa

Skill      XL: |  1  2  3  4  5 |
---------------+----------------+-----
Fighting       | 4 5 |  5.6
Axes           | 4 5 |  5.6
Armour         | 3 4 |  4.9
Dodging        | 3 4 |  4.5

Action                   |  1- 3 |  4- 6 || total
-------------------------+-------+-------++-------
Melee: Hand axe          |    48 |   114 ||   162
       Headbutt          |     3 |    14 ||    17
Invok: Berserk           |     1 |     2 ||     3
       Trog's Hand       |       |     4 ||     4
       Burn Spellbooks   |       |     1 ||     1
 Stab: Sleeping          |     1 |     1 ||     2
  Eat: Chunk             |       |     6 ||     6
Armor: Leather armour    |     5 |     7 ||    12
       Animal skin       |     1 |       ||     1
       Chain mail        |       |    14 ||    14
Dodge: Dodged            |    38 |    69 ||   107
